Cogmind - Beta 16 @@@ ROGUE MODE // 2026.01.23 @ 18:21:01 Player: vorsii Result: Destroyed by Y-45 Defender with Heavy Assault Rifle Performance ------------- Evolutions (0) 0 Regions Visited (3) 600 Robots Destroyed (26) 130 Value Destroyed (580) 580 Prototype IDs (0) 0 Alien Tech Used (0) 0 Bonus (-73) -73 TOTAL SCORE: 1237 Bonus ------- Friendly Fire -73 Cogmind --------- Core Integrity 0/250 Matter 285/300 Energy 88/100 System Corruption 0% Temperature Cool (62) Movement Rolling (129) Ox2 Location -9/Recycling Parts ------- > --- POWER (1) -------- (None) > --- PROPULSION (2) --- Compact Wheel Subdweller Monowheel > --- UTILITY (2) ------ Huge Storage Unit ECM Suite > --- WEAPON (2) ------- Beam Cannon Grenade Launcher > --- INVENTORY (25) --- Subdweller Power Source Subdweller Power Source Wheel Large Storage Unit Large Battery (200) Terrain Scanner Targeting Computer ECM Suite Scrap Shield Subdweller Beam Cannon Grenade Launcher Welding Torch Scrap Shield Fragment (49) Scrap Shield Fragment (48) Peak State ------------ > --- POWER ------------ Ion Engine > --- PROPULSION ------- Compact Wheel Subdweller Monowheel > --- UTILITY ---------- Huge Storage Unit ECM Suite > --- WEAPON ----------- Beam Cannon Grenade Launcher > --- INVENTORY -------- Subdweller Power Source Subdweller Power Source Wheel Large Storage Unit Large Battery Terrain Scanner ECM Suite Scrap Shield Subdweller Beam Cannon Grenade Launcher Welding Torch Scrap Shield Fragment Scrap Shield Fragment [Rating: 10] Favorites ----------- Power Ion Engine Engine Ion Engine Propulsion Compact Wheel Wheel Compact Wheel Utility ECM Suite Device ECM Suite Storage Huge Storage Unit Weapon Grenade Launcher Energy Gun EM Pulse Gun Energy Cannon Beam Cannon Ballistic Gun Light Assault Rifle Launcher Grenade Launcher Build | -11 -10 -10 -9 ------- Run | Yrd Mat Sub Rec Slots Evolved . | . . . . Power . | . . . . Propulsion . | . . . . Utility . | . . . . Weapon . | . . . . Parts Attached 18 | 6 10 2 . Power 2 | 1 1 . . Engine 2 | 1 1 . . Core . | . . . . Reactor . | . . . . Propulsion 5 | 2 1 2 . Treads . | . . . . Leg . | . . . . Wheel 5 | 2 1 2 . Hover . | . . . . Flight . | . . . . Utility 5 | 1 4 . . Device 2 | . 2 . . Storage 3 | 1 2 . . Processor . | . . . . Hackware . | . . . . Protection . | . . . . Artifact . | . . . . Weapon 6 | 2 4 . . Energy Gun 1 | 1 . . . Energy Cannon 1 | . 1 . . Ballistic Gun 2 | 1 1 . . Ballistic Cannon . | . . . . Launcher 2 | . 2 . . Special Weapon . | . . . . Impact Weapon . | . . . . Slashing Weapon . | . . . . Piercing Weapon . | . . . . Special Melee Weapon . | . . . . Unidentified Prototypes . | . . . . Parts Lost 4 | . 2 1 1 Power 1 | . . . 1 Propulsion 1 | . . 1 . Utility . | . . . . Weapon 2 | . 2 . . Highest Loss Streak 1 | . 1 1 1 To Critical Strikes . | . . . . Average Backups 5 | 1 4 10 12 Power . | . . 1 2 Propulsion . | . . 1 1 Utility 2 | . 2 5 6 Weapon 1 | . 1 1 2 Tool/Special . | . . . . Unused Backups 10 | . . . 10 Power 2 | . . . 2 Propulsion . | . . . . Utility 5 | . . . 5 Weapon 2 | . . . 2 Tool/Special 1 | . . . 1 Average Slot Usage (%) 96 | . 97 92 95 Engine 13 | . 14 14 9 Wheel 26 | . 27 21 28 Device 13 | . 13 14 14 Storage 13 | . 13 14 14 Energy Gun 2 | . 3 . . Energy Cannon 9 | . 7 14 14 Ballistic Gun 2 | . 2 . . Launcher 13 | . 13 14 14 Peak Build Rating 10 | 6 7 10 10 Average Rating 7 | 4 6 8 9 On Entrance 5 | . 6 7 10 Avg Prop Armor Cover (%) . | . . . . Naked Turns . | . . . . Heaviest Build 93 | 13 93 93 93 Greatest Support 36 | 26 26 36 36 Greatest Overweight (x) 5 | 2 3 5 2 Average Overweight (x) 1 | . 1 3 2 Largest Inventory Capacity 25 | 8 25 25 25 Average Capacity 19 | 7 17 25 25 Most Carried 15 | 3 7 15 15 Average Carried 6 | 1 4 13 15 Final Capacity 25 | 8 25 25 25 Final Carried 15 | 2 7 15 15 Class Distribution -------------------- 100% | Mutant Dominant Class ---------------- Mutant | -10/Materials Mutant | -10/Subcaves Mutant | -9/Recycling Resources | -11 -10 -10 -9 ----------- Run | Yrd Mat Sub Rec Matter Collected 773 | 184 513 76 . Remotely . | . . . . Salvage Created 473 | . 463 10 . Parts 39 | . 34 5 . Haulers Intercepted . | . . . . Recyclers Shooed . | . . . . Parts Field Recycled . | . . . . Retrieved Matter . | . . . . Parts Self-Destructed 18 | . . 18 . Prevented . | . . . . Parts Restored . | . . . . Kills | -11 -10 -10 -9 ------- Run | Yrd Mat Sub Rec Combat Hostiles Destroyed 17 | . 14 3 . Guns 4 | . 4 . . Cannons 3 | . 3 . . AOE 10 | . 7 3 . Classes Destroyed 6 | . 6 . . Worker 3 | . 3 . . Builder 2 | . 2 . . Recycler 1 | . 1 . . Watcher 3 | . 3 . . Swarmer 6 | . 3 3 . Grunt 11 | . 11 . . Best Kill Streak 6 | . 6 3 . Combat Bots Only 3 | . 3 3 . Max Kills in Single Turn 3 | . 3 2 . Gunslinging . | . . . . Exploded 2 | . 1 2 . Melee . | . . . . Uniques/NPCs Destroyed . | . . . . Combat | -11 -10 -10 -9 -------- Run | Yrd Mat Sub Rec Hostile Shots Fired 55 | . 41 6 8 Missed 16 | . 12 1 3 Hits 39 | . 29 5 5 Projectile 39 | . 29 5 5 Damage Taken 899 | . 626 182 91 Core 261 | . 195 26 40 Absorbed by Shields . | . . . . Regen/Repaired (Parts) 89 | . 89 . . Core Remaining (%) 100 | 100 . . . Volleys Fired 49 | . 44 3 2 Largest 2 | . 2 2 2 Hottest 90 | . 90 90 90 Shots Fired 85 | . 75 6 4 Gun 24 | . 24 . . Cannon 23 | . 18 3 2 Launcher 38 | . 33 3 2 Special . | . . . . Kinetic 13 | . 13 . . Thermal 23 | . 18 3 2 Explosive 38 | . 33 3 2 Electromagnetic 11 | . 11 . . Robot Hit Streak 6 | . 6 3 2 Robot Miss Streak 2 | . 2 2 1 Penetration Max . | . . . . Secondary Targets . | . . . . Shots Hit Robots 52 | . 46 3 3 Core Hits 49 | . 40 7 2 Critical Kills 1 | . 1 . . Critical Parts Destroyed . | . . . . Critical Strikes 1 | . 1 . . Destroy 1 | . 1 . . Melee Attacks . | . . . . Impact . | . . . . Slashing . | . . . . Piercing . | . . . . Sneak Attacks . | . . . . Combat Hostiles . | . . . . Follow-up Attacks . | . . . . Damage Inflicted 2219 | . 1751 377 91 Guns 144 | . 144 . . Cannons 298 | . 226 36 36 Explosions 1777 | . 1381 341 55 Melee . | . . . . Ramming . | . . . . Kinetic 44 | . 44 . . Thermal 348 | . 276 36 36 Explosive 1727 | . 1331 341 55 Electromagnetic 100 | . 100 . . Impact . | . . . . Slashing . | . . . . Piercing . | . . . . Highest Corruption . | . . . . Average Corruption . | . . . . Corruption Purged . | . . . . Corruption Blocked . | . . . . Overload Shots . | . . . . Overflow Damage 64 | . 59 5 . Projectiles 9 | . 9 . . Explosions 55 | . 50 5 . Melee . | . . . . Knockbacks . | . . . . Impact . | . . . . Kinetic . | . . . . Secondary . | . . . . Self-Inflicted Damage 321 | . 255 49 17 Shots 13 | . 10 2 1 Rammed . | . . . . Targets Rammed . | . . . . Kicked . | . . . . Crushed . | . . . . Highest Temperature 217 | . 217 . 53 Average Temperature 62 | . 63 . 34 Received Heat Transfer 261 | . 198 36 27 Effects 1 | . 1 . . Energy Bleed 1 | . 1 . . Siege Activations . | . . . . Martial Activations . | . . . . Shielding Activations . | . . . . Robots Disrupted . | . . . . Combat Hostiles . | . . . . Robots Corrupted . | . . . . Combat Hostiles . | . . . . Parts Fried . | . . . . Impact Corruptions . | . . . . Robots Melted . | . . . . Combat Hostiles . | . . . . Parts Melted . | . . . . Heat Transferred 729 | . 581 74 74 Parts Sabotaged . | . . . . Parts Stolen . | . . . . Parts Stripped . | . . . . Power Chain Reactions 2 | . 2 . . Alert | -11 -10 -10 -9 ------- Run | Yrd Mat Sub Rec Maximum Alert Level 1 | . 1 . . Low Security (%) 32 | 100 28 . 100 Level 1 67 | . 71 . . Level 2 . | . . . . Level 3 . | . . . . Level 4 . | . . . . Level 5 . | . . . . High Security . | . . . . Max Security . | . . . . Peak Influence 344 | . 344 . 34 Initial 14 | . . . 14 Average 190 | . 201 . 18 Influence Increases 704 | . 622 60 22 Destroy 0b10 Robot/C 340 | . 280 60 . Destroy 0b10 Robot/NC 45 | . 45 . . Destroy Leader 76 | . 76 . . Successful Hack 13 | . 13 . . Disable Machine 60 | . 45 . 15 Destroy Structure 170 | . 163 . 7 Influence Decreases 678 | . 369 283 26 Entered New Map 138 | . . 122 16 Time Decay 500 | . 349 151 . Lost Part 40 | . 20 10 10 Squads Dispatched 3 | . 3 . . Investigation 1 | . 1 . . Extermination . | . . . . Reinforcement 2 | . 2 . . Assault . | . . . . Garrison . | . . . . Intercept . | . . . . Searches Triggered . | . . . . Construction Impeded . | . . . . Haulers Reinforced . | . . . . Active Scanning Responses . | . . . . Cargo Convoy Interrupts . | . . . . Stealth | -11 -10 -10 -9 --------- Run | Yrd Mat Sub Rec Distress Signals 1 | . 1 . . Communications Jammed . | . . . . Distress Signals . | . . . . Times Spotted 36 | . 16 18 2 Peak Tracking Total 4 | . 4 2 2 Tactical Retreats 1 | . . 1 . ECM-based Alert Blocks 18 | . . 18 . Traps | -11 -10 -10 -9 ------- Run | Yrd Mat Sub Rec Traps Triggered 1 | . 1 . . Indirectly . | . . . . Trap Hack Attempts . | . . . . Triggered . | . . . . Disarmed 6 | . 6 . . Reprogrammed . | . . . . Reused . | . . . . Traps Extracted . | . . . . Installed . | . . . . Triggered . | . . . . Machines | -11 -10 -10 -9 ---------- Run | Yrd Mat Sub Rec Machines Disabled 7 | . 6 . 1 Max in Single Turn 2 | . 2 . 1 Machines Repaired . | . . . . Machines Dismantled . | . . . . Machines Sabotaged . | . . . . Overloaded Fab Kills . | . . . . Hacking | -11 -10 -10 -9 --------- Run | Yrd Mat Sub Rec Machines Accessed 5 | . 5 . . Terminals 4 | . 4 . . Fabricators . | . . . . Repair Stations 1 | . 1 . . Recycling Units . | . . . . Scanalyzers . | . . . . Garrison Access . | . . . . Total Hacks 17 | . 17 . . Successful 11 | . 11 . . Failed 6 | . 6 . . Catastrophic 2 | . 2 . . Database Lockouts . | . . . . Manual 1 | . 1 . . Terminals 10 | . 10 . . Fabricators . | . . . . Repair Stations 7 | . 7 . . Recycling Units . | . . . . Scanalyzers . | . . . . Garrison Access . | . . . . Terminal Hacks 5 | . 5 . . Record 2 | . 2 . . Locate Traps 1 | . 1 . . Disarm Traps 1 | . 1 . . Zone Layout 1 | . 1 . . Fabricator Hacks . | . . . . Repair Station Hacks 6 | . 6 . . Scan Component 3 | . 3 . . Repair 3 | . 3 . . Recycling Unit Hacks . | . . . . Scanalyzer . | . . . . Garrison Access Hacks . | . . . . Unauthorized Hacks . | . . . . Terminals . | . . . . Fabricators . | . . . . Repair Stations . | . . . . Recycling Units . | . . . . Scanalyzers . | . . . . Garrison Access . | . . . . Data Cores Recovered . | . . . . Used . | . . . . Hacking Detections 3 | . 3 . . Full Trace Events 1 | . 1 . . Feedback Events . | . . . . Feedback Blocked . | . . . . Robot Schematics Acquired . | . . . . Robots Built . | . . . . Authchips . | . . . . Time . | . . . . Total Robot Build Rating . | . . . . Part Schematics Acquired . | . . . . Parts Built . | . . . . Authchips . | . . . . Time . | . . . . Total Part Build Rating . | . . . . Part Studies Acquired . | . . . . Parts Repaired 3 | . 3 . . Time 78 | . 78 . . Parts Recycled . | . . . . Recycled Matter . | . . . . Retrieved Matter . | . . . . Retrieved Components . | . . . . Parts Scanalyzed . | . . . . Part Schematics Acquired . | . . . . Parts Damaged . | . . . . Bothacking | -11 -10 -10 -9 ------------ Run | Yrd Mat Sub Rec Used RIF Installer . | . . . . Robots Hacked . | . . . . Non-combat . | . . . . Combat . | . . . . Robot Hacks Applied . | . . . . Relay Couplers Released . | . . . . Fabnet Peak Effective % . | . . . . Robots Rewired . | . . . . Allies Hacked . | . . . . Hacks Repelled . | . . . . Allies | -11 -10 -10 -9 -------- Run | Yrd Mat Sub Rec Total Allies . | . . . . Largest Group . | . . . . Highest-Rated Group . | . . . . Highest-Rated Ally . | . . . . Total Orders . | . . . . Ally Attacks . | . . . . Total Damage . | . . . . Kills . | . . . . Allies Corrupted . | . . . . Allies Melted . | . . . . Intel | -11 -10 -10 -9 ------- Run | Yrd Mat Sub Rec Active Infowar (turns) 1360 | . 987 355 18 ECM 1360 | . 987 355 18 Robot Analysis Total . | . . . . Derelict Logs Recovered . | . . . . Drone Launches . | . . . . Drone Recoveries . | . . . . Exploration | -11 -10 -10 -9 ------------- Run | Yrd Mat Sub Rec Turns Passed 1451 | 39 1039 355 18 Spaces Moved 978 | 28 717 223 10 Core 5 | 5 . . . Treads . | . . . . Legs . | . . . . Wheels 973 | 23 717 223 10 Hover . | . . . . Flight . | . . . . Fastest Speed 50 | 50 90 129 129 Average Speed 120 | 91 111 150 129 Slowest Speed 175 | 150 135 175 129 Overloaded Moves . | . . . . Propulsion Burnouts . | . . . . Robots Hopped . | . . . . Potential Cave-ins . | . . . . Cave-ins Triggered . | . . . . Exploration Rate (%) 25 | 4 72 19 7 Regions Visited 3 Branch Regions 2 Pre-discovered Areas . | . . . . Known Exits Taken . | . . . . Unknown Exits Taken 3 | 1 1 1 . Scrap Searched 2 | . . 2 . Spaces Dug . | . . . . Terrain Destroyed 219 | . 193 20 6 Melee . | . . . . Projectile . | . . . . AOE 219 | . 193 20 6 Terrain Rammed . | . . . . Walls Destroyed . | . . . . Machines Disabled . | . . . . Actions | -11 -10 -10 -9 --------- Run | Yrd Mat Sub Rec Total 1170 | 41 881 236 12 Wait 84 | . 83 1 . Move 975 | 27 716 222 10 Hop . | . . . . Pick Up 34 | 8 18 8 . Fast Attach . | . . . . Attach 13 | 6 6 1 . Detach . | . . . . Swap 8 | . 7 1 . Drop 7 | . 7 . . Fire 49 | . 44 3 2 Melee . | . . . . Ram . | . . . . Kick . | . . . . Crush . | . . . . Escape Stasis . | . . . . Rewire . | . . . . Trap . | . . . . Miscellaneous . | . . . . Route ------- -11/Scrapyard -10/Materials (discovered 5 exits: [*Mat x2] / [*Min x2] / [*Sub]) -10/Subcaves -9/Recycling History --------- Turn | Location | Event 19 | -11/Scrapyard | Discovered new exit (range 16) 40 | -11/Scrapyard | Entered Materials 256 | -10/Materials | Discovered new exit (range 16) 324 | -10/Materials | Build established: Mutant 338 | -10/Materials | Discovered new exit (range 10) 358 | -10/Materials | Discovered new exit (range 16) 562 | -10/Materials | Core integrity fell below 50% 787 | -10/Materials | Repaired Huge Storage Unit 815 | -10/Materials | Repaired Grenade Launcher 843 | -10/Materials | Repaired Wheel 923 | -10/Materials | Discovered new exit (range 11) 957 | -10/Materials | Discovered new exit (range 12) 1079 | -10/Materials | Entered Subcaves 1151 | -10/Subcaves | Disturbed a concealed Subdweller 1379 | -10/Subcaves | Discovered new exit (range 14) 1418 | -10/Subcaves | Core integrity fell below 20% 1434 | -10/Subcaves | Entered Recycling 1435 | -9/Recycling | Met a Zionite searching for Scraptown 1452 | -9/Recycling | Destroyed by Y-45 Defender with Heavy Assault Rifle Last Messages --------------- 01394_ The unstable cave ceiling collapses. 01395_ Acquired 4 matter. 01396_ Acquired 11 matter. 01421_ TX-S46(h) destroyed. 01423_ Acquired Targeting Computer. 01426_ Subatomizers dissect the Neutrino Core. 01428_ The unstable cave ceiling collapses. LOCATION=UNKNOWN GOAL=ESCAPE 01435_ C9-6CM(z): "You there! You wouldn't happen to know where Scraptown is, do you?" 01436_ C9-6CM(z): "I've heard great things about that place, but almost no one seems to know where to find it, only that you access it somewhere from Recycling here." 01437_ C9-6CM(z): "Anyway I've been here searching too long already, time to slink back to the caves before I'm caught. You'd best do the same." 01441_ Y-45 Defender springs to life. 01442_ C9-6CM(z) destroyed. 01447_ Hadron Collector disabled. 01449_ Ion Engine destroyed. Map ----- +----------------------------------------------------+ | ????????????????????????????????????????? | | ????????????????????????????????????????? | | ????????????????????????????????????????? | | ????????????????????????????????????????? | | ????????????????????????????????????????? | | ????????????????????????????????????????? | | ????????????????????????????????????????? | | ????????????????????????????????????????? | | ????????????????????????????????????????? | | ????????????????????????????????????????? | | ????????????????????????????????????????? | | ????????????????????????????????????????? | | ????????????????????????????????????????? | | ????????????????????????????????????????? | | ????????????????????????????????????????? | | ????????????????????????????????????????? | | ????????????????????????????????????????? | | ????????????????????????????????????????? | | ????????????????????????????????????????? | | ????????##########??????????????????????? | | ????????# #??????????????????????? | | ????????# #??????????????????????? | | ????????# """ ##?????????????????????? | | ????????# """ "#?????????????????????? | | ????????# """ T#?????????????????????? | | ????????# "" @"#?????????????????????? | | ????????# ##?????????????????????? | | ????????# #??????????????????????? | | ????????# #??????????????????????? | | ???????#### Y # ####+#???????????????? | | ???????# Y ????????????? | | ???????# % ????????????? | | ???????# ! ????????????? | | ???????#### ## ##"Y"#######?????????????? | | ??????????##?###?"""#???????????????????? | | ?????????????????####???????????????????? | | ????????????????????????????????????????? | | ????????????????????????????????????????? | | ????????????????????????????????????????? | | ????????????????????????????????????????? | | ????????????????????????????????????????? | | | | | | | | | | | | | | | | | | | +----------------------------------------------------+ Best States ------------- Heat Dissipation 25 Energy Generation 10 Energy Capacity 250 Matter Stores 300 Matter Capacity 300 Sight Range 16 Terrain Scan Density 10 ECM Strength 1 Evasion (%) 42 Item Schematics ----------------- None Robot Schematics ------------------ None Fabricated ------------ Nothing Repaired ---------- Huge Storage Unit | 98% | -10/Materials Grenade Launcher | 16% | -10/Materials Wheel | 32% | -10/Materials Studied --------- None Alien Tech Used ----------------- None Achievements -------------- None Challenges ------------ None Game ------ Seed LightningFortressThrower Manual? 0 Play Time 00:20:33 Cumulative 9.6 hours Start 2026.01.23 @ 17:48:29 End 2026.01.23 @ 18:21:01 Sessions 1 Manual Loads 0 Difficulty Rogue Special Mode None Game No. 13 Rogue 13 Adventurer 0 Explorer 0 Win Type - Total 0 Types 0/0/0/0/0/0/0/0/0/0 Lore% 14 Gallery% 9 Achievement% 11 Wizard Run 0 Options --------- Layout 0 ASCII 0 Keyboard 0 Movement Mouse Keybinds 0 Fullscreen 1 Font 36/Smallcaps Map View 76x50 Zoom Use 0% Tactical HUD 1 Map Filters NONE Filters NONE Steam 1 RUN: 45eee472-8342-4b80-b2af-943ec753b7dc